 Dungeon Crawl Stone Soup version 0.28-a0-1485-g077359a4bf (webtiles) character file.

Game seed: 10357966224430418809

21 sanka the Cudgeller (level 2, -1/29 HPs)
             Began as a Gnoll Cinder Acolyte on Jan 11, 2022.
             Was a High Priest of Ignis.
             Succumbed to a kobold's poison
             ... on level 1 of the Dungeon.
             The game lasted 00:00:50 (684 turns).

sanka the Cudgeller (Gnoll Cinder Acolyte)           Turns: 684, Time: 00:00:51

Health: -1/29      AC:  6    Str: 13    XL:     2   Next: 87%
Magic:  1/5        EV: 11    Int: 13    God:    Ignis [*****.]
Gold:   12         SH:  0    Dex:  7    Spells: 4/6 levels left

rFire   + . .      SeeInvis .   a - -1 mace (flame)
rCold   . . .      Faith    .   (no shield)
rNeg    . . .      Spirit   .   b - +0 robe
rPois   .          Reflect  .   (no helmet)
rElec   .          Harm     .   (no cloak)
rCorr   +          Rampage  .   (no gloves)
Will    .....                   (no boots)
Stlth   +.........              (no amulet)
HPRegen 0.09/turn               f - +4 ring of protection
MPRegen 0.09/turn               d - ring of resist corrosion

@: lethally poisoned (-1 -> -20)
A: fangs 1, strong nose, distributed training
a: Renounce Religion, Fiery Armour, Foxfire Swarm, Rising Flame


You were on level 1 of the Dungeon.
You worshipped Ignis.
Ignis was extremely pleased with you.
You visited 1 branch of the dungeon, and saw 1 of its levels.

You collected 12 gold pieces.


Innate Abilities, Weirdness & Mutations

You have very sharp teeth.
Your uncanny sense of smell can sniff out nearby items.
Your experience applies equally to all skills.


   Skills:
 + Level 6.5 Fighting
 + Level 0.5 Short Blades
 + Level 0.5 Long Blades
 + Level 0.5 Axes
 + Level 6.5 Maces & Flails
 + Level 0.5 Polearms
 + Level 0.5 Staves
 + Level 0.5 Slings
 + Level 0.5 Bows
 + Level 0.5 Crossbows
 + Level 0.5 Throwing
 + Level 0.5 Armour
 + Level 0.5 Dodging
 + Level 0.5 Stealth
 + Level 0.5 Shields
 + Level 0.5 Unarmed Combat
 + Level 2.7 Spellcasting
 + Level 0.4 Conjurations
 + Level 0.4 Hexes
 + Level 0.4 Summonings
 + Level 0.4 Necromancy
 + Level 0.4 Translocations
 + Level 0.4 Transmutations
 + Level 5.4 Fire Magic
 + Level 0.4 Ice Magic
 + Level 0.4 Air Magic
 + Level 0.4 Earth Magic
 + Level 0.4 Poison Magic
 + Level 0.7 Invocations
 + Level 0.5 Evocations


You had 4 spell levels left.
You knew the following spells:

 Your Spells              Type           Power      Damage    Failure   Level
y - Scorch                Fire           30%        2d6       3%          2

Your spell library contained the following spells:

 Spells                   Type           Power      Damage    Failure   Level


Inventory:

Hand Weapons
 a - a -1 mace of flaming (weapon)
Armour
 b - a +0 robe (worn)
Jewellery
 d - a ring of resist corrosion (right hand)
 f - a +4 ring of protection (left hand)
Scrolls
 e - a scroll of identify {unknown}
Potions
 c - a potion of heal wounds {unknown}
 g - a potion of curing {unknown}

Dungeon Overview and Level Annotations

Branches:
Dungeon (1/15)

Altars:

.. ▒▒▒▒.....▒▒▒▒▒▒▒▒........▒
........._........▒..........
.....▒▒...........▒..........
......▒▒⌠.⌠........▒..........
..............................
.....▒▒▒..J...................
.....g.J.▒▒.▒......▒▒.........
S........▒▒.)......▒.........)
.........▒▒▒▒g................
▒▒▒...........>...............
▒......▒▒▒▒.................
▒......▒ ..................
▒......▒ .▒▒▒▒▒▒▒.........▒
▒▒▒▒▒▒▒▒ ▒. ▒.......... ..
▒.......▒▒. .▒ ▒▒▒.....▒▒.
▒..▒▒....


You could see an endoplasm.


Message History

The endoplasm quivers.
A goblin comes into view. It is wielding a +0 dagger.
The kobold hits you but does no damage.
You are poisoned.
You closely miss the kobold.
You feel very sick.
The goblin shouts!
A ball python comes into view.
The kobold closely misses you.
You closely miss the kobold.
You feel sick.
The kobold hits you with a +2 dagger of venom.
You are more poisoned.
Unknown command.
You feel very sick.
You feel very sick.
You feel sick.
You feel sick.
You feel sick.
You feel sick.
Flames lash the endoplasm.
You kill the endoplasm!
You feel sick.
The kobold hits you with a +2 dagger of venom.
* * * LOW HITPOINT WARNING * * *
You are more poisoned.
Unknown command.
Flames lash the kobold.
You kill the kobold!
You die...

Action                   || total
-------------------------++-------
Melee: Mace              ||    43
       Bite              ||     3
       Punch             ||     1
 Cast: Scorch            ||     4
Armor: Robe              ||     8
Dodge: Dodged            ||    21

Levels and vault maps discovered:
D:1:      tarquinn_simple_flora_water_b, layout_rooms,
          hellmonk_ecumenical_altar_run_dry

Notes
Turn   | Place    | Note
-------+----------+-------------------------------------------
     0 | D:1      | sanka the Gnoll Cinder Acolyte began the quest for the Orb.
     0 | D:1      | Reached XP level 1. HP: 23/23 MP: 4/4
   217 | D:1      | Reached XP level 2. HP: 18/29 MP: 5/5
   342 | D:1      | Learned a level 2 spell: Scorch
   664 | D:1      | Found a faded altar of an unknown god.
   684 | D:1      | Succumbed to a kobold's poison

Vanquished Creatures
  A dart slug (D:1)
  5 endoplasms (D:1)
  A goblin (D:1)
  A hobgoblin (D:1)
  5 kobolds (D:1)
  2 quokkas (D:1)
  A ball python (D:1)
  A bat (D:1)
  2 frilled lizards (D:1)
19 creatures vanquished.
